 Dungeon Crawl Stone Soup version 0.31-a0-986-g5e6e4ef867 (webtiles) character file.

Game seed: 7305313858957224748

66 serber55 the Covert (level 4, -1/41 HPs)
             Began as a Gnoll Delver on Nov 20, 2023.
             Was an Initiate of Gozag.
             Slain by a kobold
             ... wielding the +8 hand axe "Loynyar" {protect, Fragile rPois rN+++ Str+3}
              (8 damage)
             ... on level 1 of the Dungeon.
             The game lasted 00:05:56 (1595 turns).

serber55 the Covert (Gnoll Delver)                  Turns: 1595, Time: 00:05:57

Health: -1/41      AC:  6    Str: 13    XL:     4   Next: 15%
Magic:  5/5        EV: 13    Int:  9    God:    Gozag
Gold:   309        SH:  5    Dex: 14    Spells: 5/5 levels left

rFire   . . .        a - +0 hand axe
rCold   . . .        (no shield)
rNeg    . . .        b - +0 leather armour
rPois   .            (no helmet)
rElec   .            q - +2 cloak {rCorr}
rCorr   +            (no gloves)
SInv    .            (no boots)
Will    .....        j - amulet of reflection
Stlth   ++++         (no ring)
HPRegen 0.26/turn    (no ring)
MPRegen 0.09/turn

%: reflection
@: no status effects
A: fangs 1, strong nose, distributed training
a: Renounce Religion, Potion Petition, Call Merchant, Bribe Branch


You were on level 1 of the Dungeon.
You worshipped Gozag.
Gozag was aware of your devotion.
You visited 2 branches of the dungeon, and saw 6 of its levels.

You collected 320 gold pieces.
You paid 11 gold pieces to Gozag.

Inventory:

Hand Weapons
 a - a +0 hand axe (weapon)
Armour
 b - a +0 leather armour (worn)
 q - a +2 cloak of preservation (worn)
Jewellery
 j - an amulet of reflection (around neck)
Wands
 g - a wand of digging (3)
Scrolls
 c - a scroll of fog
 d - 2 scrolls of revelation
 e - a scroll of fear
 k - a scroll of teleportation {unknown}
 l - a scroll of immolation {unknown}
 m - a scroll of identify {unknown}
 o - 2 scrolls of poison {unknown}
 s - a scroll of enchant weapon {unknown}
Potions
 f - a potion of haste
 h - a potion of lignification {unknown}
 i - 2 potions of degeneration {unknown}
 n - a potion of might {unknown}
 p - a potion of curing {unknown}
 r - 2 potions of attraction {unknown}


   Skills:
 + Level 6.6 Fighting
 + Level 1.0 Short Blades
 + Level 1.0 Long Blades
 + Level 4.6 Axes
 + Level 1.0 Maces & Flails
 + Level 1.0 Polearms
 + Level 1.0 Staves
 + Level 1.0 Ranged Weapons
 + Level 1.0 Throwing
 + Level 1.0 Armour
 + Level 4.6 Dodging
 + Level 9.6 Stealth
 + Level 1.0 Shields
 + Level 1.0 Unarmed Combat
 + Level 1.0 Spellcasting
 + Level 0.8 Conjurations
 + Level 0.8 Hexes
 + Level 0.8 Summonings
 + Level 0.8 Necromancy
 + Level 0.8 Translocations
 + Level 0.8 Transmutations
 + Level 0.8 Fire Magic
 + Level 0.8 Ice Magic
 + Level 0.8 Air Magic
 + Level 0.8 Earth Magic
 + Level 0.8 Poison Magic
 + Level 1.1 Invocations
 + Level 1.0 Evocations
 + Level 1.0 Shapeshifting


You had 5 spell levels left.
You didn't know any spells.
Your spell library was empty.

Dungeon Overview and Level Annotations

Branches:
Dungeon (5/15)             Temple (1/1) D:4

Altars:
Cheibriados
Dithmenos
Gozag
Hepliaklqana
Kikubaaqudgha
Ru
Sif Muna
Trog
Uskayaw
Wu Jian
The Shining One


Innate Abilities, Weirdness & Mutations

You have very sharp teeth.
Your uncanny sense of smell can sniff out nearby items.
Your experience applies equally to all skills.


Message History

The orc misses you.
You slash the orc!
You kill the orc!
No target in view!
No target in view!
You now have 309 gold pieces (gained 7).
You see here a +0 morningstar.
There is a stone staircase leading down here.
You start resting.
HP restored.
You climb downwards.
You block the bat's attack.
The kobold throws a stone.
The stone misses you. The bat hits you but does no damage.
There is a stone staircase leading up here.
Unknown command.
You slash the bat!
You kill the bat!
An ogre comes into view. It is wielding a +0 giant spiked club.
You closely miss the kobold.
The kobold hits you with the +8 hand axe "Loynyar" {protect, Fragile rPois rN+++ Str+3}!
You miss the kobold.
The kobold hits you with the +8 hand axe "Loynyar" {protect, Fragile rPois rN+++ Str+3}!
The kobold attacks as it pursues you!
The kobold hits you with the +8 hand axe "Loynyar" {protect, Fragile rPois rN+++ Str+3}.
There is a stone staircase leading up here.
The kobold hits you with the +8 hand axe "Loynyar" {protect, Fragile rPois rN+++ Str+3}!
* * * LOW HITPOINT WARNING * * *
You climb upwards.
There is a stone staircase leading down here.
You hit the kobold but do no damage.
The kobold hits you with the +8 hand axe "Loynyar" {protect, Fragile rPois rN+++ Str+3}.
* * * LOW HITPOINT WARNING * * *
You hit the kobold.
The kobold is severely wounded.
The kobold hits you with the +8 hand axe "Loynyar" {protect, Fragile rPois rN+++ Str+3}.
* * * LOW HITPOINT WARNING * * *
You hit the kobold but do no damage.
The kobold is severely wounded.
The kobold hits you with the +8 hand axe "Loynyar" {protect, Fragile rPois rN+++ Str+3}!
You die...
Your body crumbles into a pile of gold.

#.##.#######
##.....#....##... ####.#
#...##.#....##... #.#
#.#.##"#[...##... #.#
#########.#.........#####
#.####.................###
#...)..................#
##
######.......).........#
#. #######K..####.#### #.
#.@......# ####.
#.)..##### #.... ####.#
#.... ###.##########....
#.................
#.#####....######.
#.#.....#.........
#.#####.#...#####. #.#
#..........##


You could see a kobold.

Vanquished Creatures
  A gnoll (D:1)
  An adder (D:3)
  A dart slug (D:1)
  4 orcs
  6 bats
  4 endoplasms
  3 hobgoblins
  3 jackals (D:3)
  2 kobolds (D:1)
  7 ball pythons
  3 frilled lizards (D:1)
  2 goblins (D:1)
  3 rats (D:1)
40 creatures vanquished.

Notes
Turn   | Place    | Note
-------+----------+-------------------------------------------
     0 | D:5      | Reached skill level 9 in Stealth
     0 | D:5      | serber55 the Gnoll Delver began the quest for the Orb.
     0 | D:5      | Reached XP level 1. HP: 23/23 MP: 1/1
    52 | D:5      | Noticed an iguana
    73 | D:4      | Found a staircase to the Ecumenical Temple.
    78 | Temple   | Entered the Ecumenical Temple
   169 | Temple   | Became a worshipper of Gozag Ym Sagoz the Greedy
   207 | D:4      | Reached XP level 2. HP: 10/29 MP: 2/2
   329 | D:4      | Noticed a sky beast
   697 | D:3      | Reached XP level 3. HP: 17/35 MP: 3/3
   996 | D:1      | Reached skill level 1 in Invocations
  1300 | D:1      | Reached skill level 1 in Short Blades
  1300 | D:1      | Reached skill level 1 in Long Blades
  1300 | D:1      | Reached skill level 1 in Maces & Flails
  1300 | D:1      | Reached skill level 1 in Polearms
  1300 | D:1      | Reached skill level 1 in Staves
  1300 | D:1      | Reached skill level 1 in Ranged Weapons
  1300 | D:1      | Reached skill level 1 in Throwing
  1300 | D:1      | Reached skill level 1 in Armour
  1300 | D:1      | Reached skill level 1 in Shields
  1300 | D:1      | Reached skill level 1 in Unarmed Combat
  1300 | D:1      | Reached skill level 1 in Spellcasting
  1300 | D:1      | Reached skill level 1 in Evocations
  1446 | D:1      | Reached skill level 1 in Shapeshifting
  1446 | D:1      | Reached XP level 4. HP: 27/41 MP: 5/5
  1558 | D:2      | Identified the +8 hand axe "Loynyar" {protect, Fragile
                  | rPois rN+++ Str+3}
  1587 | D:2      | Noticed an ogre
  1595 | D:1      | Slain by a kobold

Illustrated notes

Levels and vault maps discovered:
D:1:      amcnicky_arrival_feature_with_door, layout_basic,
          minmay_misc_feat_diagonals
D:2:      layout_rooms, uniq_jessica
D:3:      layout_basic, ebering_ecumenical_altar_petrified, serial_glass,
          glass_columns_a, glass_columns_a, biasface_ghost_orc_armoury
D:4:      wad_crossroads, layout_basic, minmay_temple_entry_overgrown
D:5:      layout_loops_corners
Temple:   jpeg_temple_clearing

Skill      XL: |  1  2  3 |
---------------+----------+-----
Stealth        | |  9.6
Invocations    | 1 |  1.1
Short Blades   | 1 |  1.0
Long Blades    | 1 |  1.0
Maces & Flails | 1 |  1.0
Polearms       | 1 |  1.0
Staves         | 1 |  1.0
Ranged Weapons | 1 |  1.0
Throwing       | 1 |  1.0
Armour         | 1 |  1.0
Shields        | 1 |  1.0
Unarmed Combat | 1 |  1.0
Spellcasting   | 1 |  1.0
Evocations     | 1 |  1.0
Shapeshifting  | 1 |  1.0
Fighting       | |  6.6
Axes           | |  4.6
Dodging        | |  4.6
Conjurations   | |  0.8
Hexes          | |  0.8
Summonings     | |  0.8
Necromancy     | |  0.8
Translocations | |  0.8
Transmutations | |  0.8
Fire Magic     | |  0.8
Ice Magic      | |  0.8
Air Magic      | |  0.8
Earth Magic    | |  0.8
Poison Magic   | |  0.8

Action                     |  1- 3 |  4- 6 || total
---------------------------+-------+-------++-------
  Melee: Hand axe          |   111 |    12 ||   123
         Bite              |    11 |       ||    11
         Punch             |     2 |       ||     2
   Stab: Sleeping          |    12 |       ||    12
 Armour: Leather armour    |    45 |    15 ||    60
  Dodge: Dodged            |    64 |    13 ||    77
  Block: Other             |    20 |     4 ||    24
         Reflection        |     2 |       ||     2

Table legend: (Time is in decaauts)
 A = Elapsed time spent in this place.
 B = Non-inter-level travel time spent in this place.
 C = Inter-level travel time spent in this place.
 D = Time resting spent in this place.
 E = Time spent auto-exploring this place.
 F = Levels seen in this place.
 G = Mean time per level.
                   A        B        C        D        E       F      G
               +--------+--------+--------+--------+--------+-----+--------+
         Total |   1606 |   1573 |     33 |    179 |    810 |   6 |  267.7 |
       Dungeon |   1541 |   1523 |     18 |    179 |    810 |   5 |  308.2 |
        Temple |     65 |     50 |     15 |      0 |      0 |   1 |   65.0 |
               +--------+--------+--------+--------+--------+-----+--------+

Top non-repeatable levels by time:
     D:1: 763 daAuts
     D:3: 429 daAuts
     D:4: 222 daAuts
     D:5: 73 daAuts
  Temple: 65 daAuts
     D:2: 53 daAuts
